 Dungeon Crawl Stone Soup version 0.29-a0-1027-gcd8c55af63 (webtiles) character file.

Game seed: 8204506014351590768

16 wingedge the Caller (level 2, 0/33 HPs)
             Began as a Human Wanderer on Aug 13, 2022.
             Succumbed to a goblin's poison
             ... on level 1 of the Dungeon.
             The game lasted 00:02:32 (572 turns).

wingedge the Caller (Human Wanderer)                 Turns: 572, Time: 00:02:33

Health: 0/33       AC:  3    Str: 12    XL:     2   Next: 70%
Magic:  1/3        EV: 11    Int: 10    God:
Gold:   0          SH:  4    Dex: 14    Spells: 2/3 levels left

rFire   . . .      SeeInvis .   a - +0 short sword
rCold   . . .      Faith    .   b - +0 buckler
rNeg    . . .      Spirit   .   d - +0 leather armour
rPois   .          Reflect  .   (no helmet)
rElec   .          Harm     .   (no cloak)
rCorr   .          Rampage  .   (no gloves)
Will    .....                   (no boots)
Stlth   ..........              (no amulet)
HPRegen 0.11/turn               (no ring)
MPRegen 0.08/turn               (no ring)

@: berserking, lethally poisoned (0 -> -18), very slightly contaminated, very
quick
A: no striking features
a: no special abilities


You were on level 1 of the Dungeon.
You visited 1 branch of the dungeon, and saw 2 of its levels.

Inventory:

Hand Weapons
 a - a +0 short sword (weapon)
Missiles
 h - 4 javelins
Armour
 b - a +0 buckler (worn)
 d - a +0 leather armour (worn)
Scrolls
 c - a scroll of teleportation
 f - 3 scrolls of summoning {unknown}
 i - 2 scrolls of identify {unknown}
Potions
 g - a potion of haste {unknown}
 j - a potion of magic {unknown}


   Skills:
 - Level 2.0 Fighting
 - Level 2.0 Short Blades
 - Level 1.0 Throwing
 - Level 1.0 Armour
 - Level 1.0 Dodging
 + Level 0.5 Stealth
 - Level 1.0 Shields
 - Level 1.0 Spellcasting
 - Level 3.0 Summonings


You had 2 spell levels left.
You knew the following spells:

 Your Spells              Type           Power      Damage    Failure   Level
a - Summon Small Mammal   Summ           24%        N/A       17%         1

Your spell library contained the following spells:

 Spells                   Type           Power      Damage    Failure   Level
 Call Imp                 Summ           6%         N/A       26%         2
 Summon Lightning Spire   Summ/Air       3%         N/A       97%         4


Dungeon Overview and Level Annotations

Branches:
Dungeon (2/15)

Altars:


Message History

You are lethally poisoned!
Your rat closely misses the goblin.
Casting: Summon Small Mammal (safe; 17% risk of failure)
Confirm with . or Enter, or press ? or * to list all spells.
Okay, then.
Casting: Summon Small Mammal (safe; 17% risk of failure)
Confirm with . or Enter, or press ? or * to list all spells.
You miscast Summon Small Mammal.
You are very lightly contaminated with residual magic.
Nothing appears to happen.
You feel very sick. The goblin misses you.
Your rat misses the goblin.
You swap places.
You feel very sick. The goblin barely misses you.
Your rat barely misses the goblin.
Casting: Summon Small Mammal (safe; 17% risk of failure)
Confirm with . or Enter, or press ? or * to list all spells.
You feel very sick. The goblin closely misses you.
You swap places.
* * * LOW HITPOINT WARNING * * *
You feel sick.
The goblin hits your rat with a +0 dagger of venom.
Your rat dies!
Your rat's corpse disappears in a puff of smoke!
Your rat misses the goblin.
Throw: 5 javelins
Press: ? - help, Shift-Dir - straight line, f - goblin
Aim: a goblin, wielding a +0 dagger of venom (black smoke, ally target, 51% to hit)
You throw a javelin. The javelin closely misses the goblin.
* * * LOW HITPOINT WARNING * * *
You feel very sick. The goblin hits you but does no damage.
You are more poisoned.
Okay, then.
Unknown command.
It was a potion of berserk rage.
A red film seems to cover your vision as you go berserk!
You feel yourself moving faster!
You feel mighty!
You die...

######.......#
#.....>).[...#
#..#.#..####.###
..#...........#
..###..####.#.#
..###..# #.#..
####.$..>... ..###
#..r(>#.#### ####
#.@g###. #.#.#
.###########
##.#+#...........##.
#..# #...........##.
#.##+#.#..#..#...##.
#.)..+..≈........##.
#.####.8○.......<##.
#....'..○........##.
#.##'#.#..#..#...##.


You could see a goblin (ally target) and a friendly rat (summoned).

Vanquished Creatures
  A dart slug (D:1)
  A bat (D:1)
  An endoplasm (D:1)
  A giant cockroach (D:1)
  2 goblins (D:1)
  A kobold (D:1)
7 creatures vanquished.

Vanquished Creatures (collateral kills)
  An endoplasm (D:1)
  A giant cockroach (D:1)
  A goblin (D:1)
  2 rats (D:1)
5 creatures vanquished.

Grand Total: 12 creatures vanquished

Notes
Turn   | Place    | Note
-------+----------+-------------------------------------------
     0 | D:1      | wingedge the Human Wanderer began the quest for the Orb.
     0 | D:1      | wingedge set off with the following items: a +0 short
                  | sword, a +0 buckler, a scroll of teleportation, a +0
                  | leather armour; and the following spell memorised: Summon
                  | Small Mammal; and the following spells available to
                  | memorise: Call Imp, Summon Lightning Spire.
     0 | D:1      | Reached XP level 1. HP: 15/15 MP: 2/2
   110 | D:1      | You fall into a shaft and drop 1 floor!
   259 | D:1      | Reached XP level 2. HP: 19/22 MP: 0/3
   450 | D:1      | Reached skill level 1 in Throwing
   572 | D:1      | Succumbed to a goblin's poison

Illustrated notes

Levels and vault maps discovered:
D:1:      shiori_arrival_oz, layout_loops_cross, shapermc_ecumenical_altar_venn
D:2:      layout_basic, kennysheep_cross_room, kennysheep_generic_room_12

Skill      XL: |  1  2 |
---------------+-------+-----
Fighting       | 2 |  2.0
Throwing       | 1 |  1.0
Short Blades   | |  2.0
Armour         | |  1.0
Dodging        | |  1.0
Stealth        | |  0.5
Shields        | |  1.0
Spellcasting   | |  1.0
Summonings     | |  3.0

Action                   || total
-------------------------++-------
Melee: Short sword       ||    23
Throw: Javelin           ||     1
 Cast: Summon Small Mamm ||    13
  Use: Potion            ||     1
 Stab: Sleeping          ||     2
Armor: Leather armour    ||     4
Dodge: Dodged            ||    11
Block: Buckler           ||     1

Table legend: (Time is in decaauts)
 A = Elapsed time spent in this place.
 B = Non-inter-level travel time spent in this place.
 C = Inter-level travel time spent in this place.
 D = Time resting spent in this place.
 E = Time spent auto-exploring this place.
 F = Levels seen in this place.
 G = Mean time per level.
                   A        B        C        D        E       F      G
               +--------+--------+--------+--------+--------+-----+--------+
         Total |    573 |    573 |      0 |     50 |    391 |   2 |  286.5 |
       Dungeon |    573 |    573 |      0 |     50 |    391 |   2 |  286.5 |
               +--------+--------+--------+--------+--------+-----+--------+

Top non-repeatable levels by time:
     D:1: 565 daAuts
     D:2: 7 daAuts
